 Dungeon Crawl Stone Soup version 0.21-a0-630-g344d3514eb (webtiles) character file.

4589 Cheet4h the Fighter (level 10, -4/91 HPs)
             Began as a White Draconian Fighter on Dec 25, 2017.
             Was an Elder of Okawaru.
             Slain by a two-headed ogre
             ... wielding a +0 giant spiked club
              (16 damage)
             ... on level 8 of the Dungeon.
             The game lasted 00:21:18 (8746 turns).

Cheet4h the Fighter (White Draconian Fighter)       Turns: 8746, Time: 00:21:19

Health: -4/91      AC: 12    Str: 20    XL:     10   Next: 18%
Magic:  19/19      EV: 15    Int:  8    God:    Okawaru [****..]
Gold:   574        SH: 11    Dex: 13    Spells: 9/9 levels left

rFire    . . .     SeeInvis .   a - +4 long sword
rCold    + . .     Gourm    .   b - +1 shield
rNeg     . . .     Faith    .   (armour unavailable)
rPois    .         Spirit   .   (helmet restricted)
rElec    .         Reflect  .   l - +1 cloak
rCorr    .         Harm     .   m - +1 pair of gloves
MR       .....     Rnd*Rage +   q - +0 pair of boots
Stlth    +.........             (no amulet)
HPRegen  0.25/turn              f - ring of magical power
MPRegen  0.16/turn              (no ring)

@: lethally poisoned (-4 -> -5)
A: breathe frost, unfitting armour, berserk 1, cold resistance 1, wild magic 1,
cold-blooded, AC +7
a: Breathe Frost, Heroism, Renounce Religion


You were on level 8 of the Dungeon.
You worshipped Okawaru.
Okawaru was greatly pleased with you.
You were not hungry.

You visited 2 branches of the dungeon, and saw 9 of its levels.
You also visited: Ossuary.

You collected 574 gold pieces.

Inventory:

Hand Weapons
 a - a +4 long sword (weapon)
 p - a +1 rapier of speed
Armour
 b - a +1 shield (worn)
 l - a +1 cloak (worn)
 m - a +1 pair of gloves (worn)
 q - a +0 pair of boots (worn)
Jewellery
 f - a ring of magical power (left hand)
Wands
 j - a wand of paralysis (9)
 u - a wand of random effects (49)
 y - a wand of iceblast (6)
Scrolls
 i - a scroll of magic mapping
 o - 3 scrolls of remove curse
 v - 4 scrolls of teleportation
 x - a scroll of identify
 z - 2 scrolls of amnesia
 A - 2 scrolls of blinking
Potions
 e - 3 potions of resistance
 g - 2 potions of brilliance
 h - a potion of magic
 k - a potion of haste
 n - 10 potions of curing
 s - 2 potions of lignification
 t - 2 potions of flight
 w - a potion of cancellation
Comestibles
 d - 20 rations
 B - 7 chunks of flesh


   Skills:
 * Level 9.4 Fighting
 * Level 8.3 Long Blades
 * Level 7.8 Dodging
 + Level 6.4 Shields


You had 9 spell levels left.
You didn't know any spells.

Dungeon Overview and Level Annotations

Branches:
Dungeon (8/15)             Temple (1/1) D:5
   Lair: D:8-11

Altars:
Ashenzari
Cheibriados
Dithmenos
Elyvilon
Fedhas
Gozag
Hepliaklqana
Kikubaaqudgha
Makhleb
Nemelex Xobeh
Okawaru
Qazlal
Ru
Sif Muna
Trog
Uskayaw
Vehumet
Wu Jian
Xom
Yredelemnul
Zin
The Shining One

Shops:
D:4 :


Innate Abilities, Weirdness & Mutations

You can breathe waves of freezing cold.
You can buffet flying creatures when you breathe cold.
Your icy white scales are hard. (AC +7)
You cannot fit into any form of body armour.
Your flesh is cold resistant. (rC+)
You are cold-blooded and may be slowed by cold attacks.
You tend to lose your temper in combat.
Your spells are a little harder to cast, but a little more powerful.


Message History

The crimson imp blinks!
You block the two-headed ogre's attack. The two-headed ogre closely misses you.
You slash the two-headed ogre! You tail-slap the two-headed ogre.
The two-headed ogre is heavily wounded.
You feel sick.
You completely miss the two-headed ogre.
The two-headed ogre is heavily wounded.
You block the two-headed ogre's attack.
The two-headed ogre hits you with a giant spiked club!
* * * LOW HITPOINT WARNING * * *
You hit the two-headed ogre.
The two-headed ogre is heavily wounded.
You block the two-headed ogre's attack.
The two-headed ogre hits you with a giant spiked club.
* * * LOW HITPOINT WARNING * * *
You slash the two-headed ogre!
You tail-slap the two-headed ogre, but do no damage.
The two-headed ogre is severely wounded.
The two-headed ogre hits you with a giant spiked club!
You die...

#.###...###..# #.....
#.#E#...#E#..# ######
#.###...###..# ##.###.#######
#.#......# #.#......#
#........### ##.##......#
#.#.....#@# ####
#######'#.....#O# ...
#.........)...#5######.#.
#.............#5#......#..
#.............#.'.†....#..###
#..........>..###5.....#....#
#[...≈.....#### #.5....##.#.#
#...≈≈≈...># #.........#<#
#...≈≈≈..### #%....#######


You could see a two-headed ogre, a crimson imp and a shadow imp.

Vanquished Creatures
  The ghost of Harunobu the Grappler, a novice TrMo (D:7)
  The ghost of Cheet4h the Skirmisher, a novice DrFi of Okawaru (D:5)
  The ghost of Cheet4h the Skirmisher, a novice DrFi of Okawaru (D:6)
  Grinder (D:5)
  A spriggan (D:7)
  A wyvern (D:8)
  A water moccasin (D:8)
  An ice beast (D:7)
  2 orc warriors
  2 sky beasts (D:7)
  3 phantoms
  A necrophage (D:8)
  An ogre (D:5)
  2 centaurs
  A big kobold (D:8)
  A bullfrog (D:6)
  2 scorpions
  3 crimson imps
  A bullfrog zombie (D:5)
  A jelly (D:7)
  3 orc priests
  3 bullfrog skeletons
  3 hounds
  7 orc wizards
  Ijyb (D:5)
  Natasha (thrice) (D:2)
  An iguana (D:4)
  3 worker ants
  A hound zombie (D:5)
  A hound skeleton (D:4)
  3 mummies (Ossuary)
  A worker ant zombie (D:8)
  Robin (D:2)
  21 adders
  3 gnolls (D:6)
  An ooze (D:2)
  3 adder skeletons
  5 dart slugs
  5 leopard geckos
  21 orcs
  6 ball pythons
  8 giant cockroaches
  5 gnoll zombies (Ossuary)
  14 goblins
  11 hobgoblins
  16 kobolds
  4 quokkas
  9 bats
  5 frilled lizards
  5 gnoll skeletons (Ossuary)
  2 goblin skeletons (Ossuary)
  5 hobgoblin skeletons (Ossuary)
  2 hobgoblin zombies (Ossuary)
  4 kobold skeletons (Ossuary)
  3 kobold zombies (Ossuary)
  A leopard gecko zombie (D:6)
  2 orc skeletons (Ossuary)
  2 orc zombies (Ossuary)
  A quokka skeleton (D:4)
  11 rats
  A rat skeleton (Ossuary)
  2 rat zombies (Ossuary)
  A fungus (D:5)
  4 plants (D:1)
242 creatures vanquished.

Vanquished Creatures (others)
  Menkaure (Ossuary)
  An orc (D:4)
  2 gnoll zombies (Ossuary)
  A goblin zombie (Ossuary)
  A hobgoblin zombie (Ossuary)
  A kobold zombie (Ossuary)
  5 orc skeletons (Ossuary)
  3 orc zombies (Ossuary)
  A rat skeleton (Ossuary)
  3 rat zombies (Ossuary)
19 creatures vanquished.

Grand Total: 261 creatures vanquished

Notes
Turn   | Place    | Note
-------+----------+-------------------------------------------
     0 | D:1      | Cheet4h the Draconian Fighter began the quest for the Orb.
     0 | D:1      | Reached XP level 1. HP: 19/19 MP: 1/1
   101 | D:1      | Reached XP level 2. HP: 15/26 MP: 2/2
   403 | D:1      | Reached XP level 3. HP: 20/33 MP: 3/3
  1364 | D:2      | Noticed Natasha
  1371 | D:2      | Killed Natasha
  1371 | D:2      | Reached skill level 4 in Fighting
  1371 | D:2      | Reached XP level 4. HP: 31/40 MP: 4/4
  1481 | D:2      | Noticed Natasha
  1496 | D:2      | Killed Natasha
  1734 | D:2      | Noticed Natasha
  1741 | D:2      | Killed Natasha
  1741 | D:2      | Reached XP level 5. HP: 39/47 MP: 5/5
  2221 | D:2      | Found a sacrificial altar of Ru.
  2264 | D:2      | Noticed Robin
  2280 | D:2      | Killed Robin
  3176 | D:4      | Reached XP level 6. HP: 52/55 MP: 6/6
  3190 | D:4      | Found a sand-covered staircase.
  3431 | D:4      | Reached skill level 5 in Fighting
  3444 | Ossuary  | Entered an ossuary
  3656 | Ossuary  | Killed Menkaure
  4121 | D:4      | Gained mutation: You are resistant to hostile enchantments. (MR+) [potion of mutation]
  4121 | D:4      | Gained mutation: Your magical capacity is low. (-10% MP) [potion of mutation]
  4121 | D:4      | Gained mutation: You possess an exceptional clarity of mind. [potion of mutation]
  4122 | D:4      | Lost mutation: Your magical capacity is low. (-10% MP) [potion of mutation]
  4122 | D:4      | Lost mutation: You are resistant to hostile enchantments. (MR+) [potion of mutation]
  4122 | D:4      | Lost mutation: You possess an exceptional clarity of mind. [potion of mutation]
  4122 | D:4      | Gained mutation: You tend to lose your temper in combat. [potion of mutation]
  4122 | D:4      | Gained mutation: Your spells are a little harder to cast, but a little more powerful. [potion of mutation]
  4192 | D:4      | Your scales start taking on an icy white colour.
  4192 | D:4      | Reached XP level 7. HP: 38/61 MP: 7/7
  4192 | D:4      | Gained mutation: Your flesh is cold resistant. (rC+) [White Draconian growth]
  4661 | D:4      | Found Wiorr's Book Shop.
  4832 | D:5      | Entered Level 5 of the Dungeon
  4882 | D:5      | Reached skill level 6 in Fighting
  4887 | D:5      | Reached skill level 5 in Long Blades
  4894 | D:5      | Reached skill level 5 in Dodging
  4915 | D:5      | Noticed Ijyb
  4941 | D:5      | Killed Ijyb
  5028 | D:5      | Found a staircase to the Ecumenical Temple.
  5040 | Temple   | Entered the Ecumenical Temple
  5066 | Temple   | Became a worshipper of Warmaster Okawaru
  5258 | D:5      | Noticed Cheet4h's ghost (novice DrFi)
  5275 | D:5      | Killed Cheet4h's ghost
  5275 | D:5      | Reached * piety under Okawaru
  5275 | D:5      | Reached XP level 8. HP: 30/71 MP: 8/8
  5561 | D:5      | Reached skill level 7 in Fighting
  5760 | D:5      | Noticed Grinder
  5766 | D:5      | Paralysed by Grinder for 6 turns
  5786 | D:5      | Killed Grinder
  5786 | D:5      | Reached ** piety under Okawaru
  5786 | D:5      | Reached skill level 5 in Shields
  5951 | D:5      | Found a bloodstained altar of Trog.
  6119 | D:6      | Noticed Cheet4h's ghost (novice DrFi)
  6307 | D:6      | Killed Cheet4h's ghost
  6307 | D:6      | Reached XP level 9. HP: 37/81 MP: 9/9
  6504 | D:6      | Found an iron altar of Okawaru.
  6567 | D:6      | Reached *** piety under Okawaru
  6567 | D:6      | Reached skill level 8 in Fighting
  7343 | D:7      | Noticed Harunobu's ghost (novice TrMo)
  7361 | D:7      | Killed Harunobu's ghost
  7662 | D:7      | Reached skill level 9 in Fighting
  8160 | D:8      | Reached **** piety under Okawaru
  8160 | D:8      | Reached XP level 10. HP: 91/91 MP: 10/10
  8296 | D:8      | Found a stormy altar of Qazlal.
  8722 | D:8      | Noticed a two-headed ogre
  8746 | D:8      | Slain by a two-headed ogre

Vault maps used:
D:1:      dpeg_arrival_refuge, lexackson_kobold_supper
D:2:      minmay_misc_feat_x, nicolae_ru_the_path_less_chosen, uniq_robin,
          uniq_natasha
D:3:      st_stairs_6, minmay_misc_feat_nine_boxes
D:4:      nicolae_ossuary_entry_monument, serial_shops, kennysheep_mini_moat,
          dk_vineyard_3, minmay_snake_closets
D:5:      minmay_temple_entry_statues_pillars, first_ration,
          minmay_gold_behind_fungi, minmay_misc_feat_enclosed, moated_statue,
          hangedman_decor_riveting, trog_butcher_becter, uniq_grinder, uniq_ijyb
D:6:      okawaru_metal_pillars_1_2
D:7:      the_bakery
D:8:      nicolae_qazlal_style_of_elements
Temple:   grunt_wide_crystal_templ
Ossuary:  ossuary_due_pyramid

Skill      XL: |  1  2  3  4  5  6  7  8  9 |
---------------+----------------------------+-----
Dodging        | 3 4 5 6 7 |  7.8
Fighting       | 4 5 6 7 9 |  9.4
Long Blades    | 3 4 5 6 8 |  8.3
Shields        | 4 5 6 |  6.4

Action                   |  1- 3 |  4- 6 |  7- 9 | 10-12 || total
-------------------------+-------+-------+-------+-------++-------
Melee: Long sword        |   202 |   287 |   326 |    77 ||   892
       Tailslap          |    28 |    31 |    40 |    11 ||   110
 Abil: Breathe Frost     |       |       |     4 |       ||     4
  Use: Scroll            |     3 |    11 |    10 |     4 ||    28
       Potion            |       |     2 |     3 |     1 ||     6
 Stab: Sleeping          |       |       |     3 |       ||     3
  Eat: Chunk             |     2 |     8 |     9 |     2 ||    21
       Ration            |       |       |     2 |       ||     2
Armor: Skin              |    37 |    56 |   101 |     8 ||   202
Dodge: Dodged            |    62 |   111 |   139 |    29 ||   341
Block: Shield            |    62 |   133 |   168 |    42 ||   405
       Rpst.: Long sword |    17 |    33 |    42 |     9 ||   101

Table legend:
 A = Spawn XP
 B = Non-spawn XP
 C = Spawn XP percentage of total XP
 D = Spawn monster count
 E = Non-spawn monster count
 F = Spawn count percentage of total count
 G = Total turns spent on level
                    A         B        C        D         E        F      G
               +---------+---------+-------+---------+---------+-------+---------
         Total |       0 |    6557 |   0.0 |       0 |     232 |   0.0 |  8746
               +---------+---------+-------+---------+---------+-------+---------
           D:1 |       0 |      56 |   0.0 |       0 |      29 |   0.0 |   897
           D:2 |       0 |     208 |   0.0 |       0 |      31 |   0.0 |  1718
           D:3 |       0 |     182 |   0.0 |       0 |      32 |   0.0 |   775
           D:4 |       0 |     579 |   0.0 |       0 |      32 |   0.0 |   833
           D:5 |       0 |    1422 |   0.0 |       0 |      22 |   0.0 |  1328
           D:6 |       0 |    1008 |   0.0 |       0 |      17 |   0.0 |   803
           D:7 |       0 |    1859 |   0.0 |       0 |      15 |   0.0 |  1132
           D:8 |       0 |    1174 |   0.0 |       0 |      24 |   0.0 |   535
       Ossuary |       0 |      69 |   0.0 |       0 |      30 |   0.0 |   633
               +---------+---------+-------+---------+---------+-------+---------
